 Dungeon Crawl Stone Soup version 0.31.0-12-g77e489cdc1 (webtiles) character file.

Game seed: 8590556588850247178

44 spaghetti the Grave Robber (level 3, -3/21 HPs)
             Began as a Gargoyle Necromancer on Feb 17, 2024.
             Slain by a hobgoblin
             ... wielding a +0 great mace
              (15 damage)
             ... on level 2 of the Dungeon.
             The game lasted 00:01:26 (1578 turns).

spaghetti the Grave Robber (Gargoyle Necromancer)   Turns: 1578, Time: 00:01:27

Health: -3/21      AC:  5    Str: 11    XL:     3   Next: 62%
Magic:  0/6        EV: 11    Int: 17    God:
Gold:   121        SH:  0    Dex: 10    Spells: 6/7 levels left

rFire   . . .        (no weapon)
rCold   . . .        (no shield)
rNeg    + . .        a - +0 robe
rPois   ∞            (no helmet)
rElec   +            (no cloak)
rCorr   .            (no gloves)
SInv    .            (no boots)
Will    .....        (no amulet)
Stlth   ++           (no ring)
HPRegen 0.23/turn    (no ring)
MPRegen 0.10/turn

%: no passive effects
@: no status effects
A: sickness immunity, AC +3, negative energy resistance 1, electricity
resistance, torment resistance 1, petrification resistance
a: no special abilities


You were on level 2 of the Dungeon.
You visited 1 branch of the dungeon, and saw 2 of its levels.

You collected 121 gold pieces.

Inventory:

Missiles
 d - a throwing net
Armour
 a - a +0 robe (worn)
Scrolls
 c - 3 scrolls of teleportation {unknown}
Potions
 b - a potion of magic


   Skills:
 + Level 1.9 Fighting
 - Level 1.5 Dodging
 - Level 2.1 Stealth
 + Level 2.5 Spellcasting
 + Level 3.6 Necromancy


You had 6 spell levels left.
You knew the following spells:

 Your Spells              Type           Power      Damage    Failure   Level
a - Necrotise             Necr           56%        1d6       4%          1

Your spell library contained the following spells:

 Spells                   Type           Power      Damage    Failure   Level
 Vampiric Draining        Necr           14%        2d7       12%         3
 Animate Dead             Necr           14%        N/A       38%         4
 Curse of Agony           Necr           14%        N/A       75%         5


Dungeon Overview and Level Annotations

Branches:
Dungeon (2/15)

Altars:


Innate Abilities, Weirdness & Mutations

You are immune to sickness and miasma.
Your stone body is resilient. (AC +3)
You are immune to poison.
You resist negative energy. (rN+)
You are resistant to electric shocks. (rElec)
You are resistant to unholy torment.
You are immune to petrification.


Message History

You don't have enough magic to cast this spell.
Casting: Necrotise (safe; 4% risk of failure)
Confirm with . or Enter, or press ? or * to list all spells.
You don't have enough magic to cast this spell.
Unknown command.
You hit the dart slug but do no damage.
The dart slug is almost dead.
The giant cockroach bites you but does no damage.
Your kobold skeleton hits the dart slug.
You hit the dart slug.
You kill the dart slug!
The giant cockroach bites you. The giant cockroach closely misses you.
A bat comes into view.
The giant cockroach closely misses you.
The bat moves out of view.
You see here a dart slug corpse.
You swap places.
Your kobold skeleton hits the giant cockroach.
The giant cockroach barely misses you.
The hobgoblin hits you with a +0 great mace.
Casting: Necrotise (safe; 4% risk of failure)
Confirm with . or Enter, or press ? or * to list all spells.
Aiming: Necrotise (safe; 4% risk of failure)
Press: ? - help, Shift-Dir - straight line, f - hobgoblin
Aim: a hobgoblin, wielding a +0 great mace (chance to affect: 84%)
The hobgoblin barely resists.
The giant cockroach barely misses you.
Your kobold skeleton hits the giant cockroach but does no damage.
The bat closely misses you. The hobgoblin barely misses you.
The bat hits your kobold skeleton.
The bat barely misses your kobold skeleton.
The giant cockroach bites your kobold skeleton.
Your kobold skeleton hits the giant cockroach but does no damage.
Your magical contamination has completely faded away.
You see here a +0 short sword.
Something hits your kobold skeleton. Something bites your kobold skeleton.
You hit the hobgoblin.
The hobgoblin is heavily wounded.
Your kobold skeleton barely misses the hobgoblin.
The hobgoblin hits you with a +0 great mace!
Ouch! That really hurt!
You die...

# ....... #.
......###.
###.###......?.
........#...##
#...........
#........#
##.#...#
#..gZ..#####
#.@#.......#
#..#.##.....
#..#..+.....
#..#..# ....
####+#..#..##+#+##
#.......#.........
#.......##.#....##
#..........#......
#......##### .####


You could see a hobgoblin (ally target) and a friendly kobold skeleton.

Vanquished Creatures
  A dart slug (D:2)
  A ball python (D:2)
  5 bats (D:1)
  5 endoplasms
  A giant cockroach (D:1)
  4 goblins
  2 hobgoblins (D:1)
  3 jackals (D:1)
  A quokka (D:1)
  A frilled lizard (D:1)
  4 kobolds
  3 rats
31 creatures vanquished.

Vanquished Creatures (collateral kills)
  A dart slug (D:2)
  2 goblins (D:1)
  2 ball pythons (D:1)
5 creatures vanquished.

Grand Total: 36 creatures vanquished

Notes
Turn   | Place    | Note
-------+----------+-------------------------------------------
     0 | D:1      | spaghetti the Gargoyle Necromancer began the quest for the
                  | Orb.
     0 | D:1      | Reached XP level 1. HP: 10/10 MP: 3/3
   291 | D:1      | Reached XP level 2. HP: 16/16 MP: 1/5
   410 | D:1      | Reached skill level 1 in Fighting
   737 | D:1      | Reached XP level 3. HP: 11/20 MP: 0/6
  1578 | D:2      | Slain by a hobgoblin

Illustrated notes

Levels and vault maps discovered:
D:1:      amcnicky_arrival_single_pillar, layout_basic, minmay_pentomino_x2
D:2:      layout_basic, dilly_ecumenical_altar_fadedgnrine,
          minmay_misc_feat_chi, uniq_terence, uniq_sigmund

Skill      XL: |  1  2 |
---------------+-------+-----
Fighting       | 1 |  1.9
Dodging        | |  1.5
Stealth        | |  2.1
Spellcasting   | |  2.5
Necromancy     | |  3.6

Action                     || total
---------------------------++-------
  Melee: Unarmed           ||    54
         Punch             ||     1
   Cast: Necrotise         ||    61
    Use: Potion            ||     1
 Armour: Robe              ||    69
  Dodge: Dodged            ||    62
